 Dungeon Crawl Stone Soup version 0.29.0-4-gdea44cf6ec (webtiles) character file.

Game seed: 7463762549252119294

172 mortz the Conjurer (level 5, -10/28 HPs)
             Began as a Kobold Conjurer on Aug 27, 2022.
             Killed by divine providence
             ... invoked by an orc priest
              (15 damage)
             ... on level 3 of the Dungeon.
             The game lasted 00:11:22 (2470 turns).

mortz the Conjurer (Kobold Conjurer)                Turns: 2470, Time: 00:11:25

Health: -10/28     AC:  3    Str:  5    XL:     5   Next: 83%
Magic:  0/8        EV: 14    Int: 21    God:
Gold:   104        SH:  5    Dex: 13    Spells: 3/8 levels left

rFire   . . .      SeeInvis .   a - +2 short sword (drain)
rCold   . . .      Faith    .   (no shield)
rNeg    . . .      Spirit   .   g - +0 robe
rPois   .          Reflect  +   (no helmet)
rElec   .          Harm     .   n - +0 cloak
rCorr   .          Rampage  .   (no gloves)
Will    .....                   (no boots)
Stlth   ++++......              f - amulet of reflection
HPRegen 0.09/turn               l - ring of flight
MPRegen 0.11/turn               (no ring)

@: flying
A: small, no large weapons, nightstalker 3
a: no special abilities


You were on level 3 of the Dungeon.
You visited 1 branch of the dungeon, and saw 3 of its levels.

You collected 104 gold pieces.

Inventory:

Hand Weapons
 a - a +2 short sword of draining (weapon)
 d - a +0 short sword
 o - a +0 dagger
 p - a +0 hand axe
Missiles
 i - 3 silver boomerangs
Armour
 c - a +0 leather armour
 g - a +0 robe (worn)
 n - a +0 cloak (worn)
Jewellery
 f - an amulet of reflection (around neck)
 l - a ring of flight (left hand)
Scrolls
 h - 2 scrolls of poison
 m - a scroll of teleportation
Potions
 b - a potion of magic
 e - 2 potions of mutation
 k - a potion of curing
 r - a potion of ambrosia


   Skills:
 + Level 0.3 Fighting
 + Level 1.3 Short Blades
 + Level 2.5 Dodging
 + Level 4.1 Stealth
 + Level 0.3 Shields
 + Level 2.4 Spellcasting
 + Level 5.0 Conjurations
 * Level 1.4 Transmutations
 * Level 1.9 Earth Magic


You had 3 spell levels left.
You knew the following spells:

 Your Spells              Type           Power      Damage    Failure   Level
a - Magic Dart            Conj           92%        1d7       1%          1
b - Searing Ray           Conj           46%        2d6       2%          2
c - Passwall              Tmut/Erth      7%         N/A       11%         2

Your spell library contained the following spells:

 Spells                   Type           Power      Damage    Failure   Level
 Sandblast                Erth           20%        2d7       6%          1
 Stone Arrow              Conj/Erth      34%        3d9       10%         3
 Apportation              Tloc           4%         N/A       14%         1
 Freeze                   Ice            8%         1d3       14%         1
 Necrotise                Necr           8%         1d4       14%         1
 Summon Small Mammal      Summ           8%         N/A       14%         1
 Dazzling Flash           Conj/Hex       26%        N/A       16%         3
 Frozen Ramparts          Ice            4%         1d1       38%         3
 Fulminant Prism          Conj/Hex       6%         3d7       45%         4
 Hailstorm                Conj/Ice       13%        3d5       45%         4
 Iskenderun's Mystic Bla  Conj/Tloc      13%        2d5       45%         4


Dungeon Overview and Level Annotations

Branches:
Dungeon (3/15)

Altars:

Annotations:
D:3 Sigmund


Innate Abilities, Weirdness & Mutations

You are small and have problems with some larger weapons.
You are completely attuned to the shadows.


Message History

The orc priest invokes the aid of Beogh against you.
Beogh smites you! You block the orc's attack.
You are too injured to fight recklessly!
Aiming: Searing Ray (safe; 2% risk of failure)
Press: ? - help, Q - select action, (/) - cycle Shift-Dir - straight line, f/p - orc wizard
Aim: an orc wizard, wielding a +0 dagger and wearing a +0 robe (lightly wounded, heavily drained, 72% to hit)
The searing ray hits the orc!
You kill the orc!
The searing ray hits the orc wizard!
The orc wizard is heavily wounded. (Press . to maintain the ray.)
The searing ray hits the orc wizard.
The orc wizard is almost dead.
The orc wizard gestures wildly while chanting.
The orc wizard flickers and vanishes!
Deactivating autopickup; reactivate with Ctrl-A.
The searing ray hits something.
Reactivating autopickup.
You feel a bit more experienced.
The orc priest mumbles some strange prayers to Beogh against you.
Pain shoots through your body!
* * * LOW HITPOINT WARNING * * *
You finish channelling your searing ray.
Casting: Searing Ray (safe; 2% risk of failure)
Confirm with . or Enter, or press ? or * to list all spells.
Aiming: Searing Ray (safe; 2% risk of failure)
Press: ? - help, Shift-Dir - straight line, f - orc priest
Aim: an orc priest, wielding a +0 hand axe and wearing a +0 chain mail (84% to hit)
The searing ray hits the orc priest but does no damage. (Press . to maintain the ray.) Without enough magic to sustain it, your searing ray dissipates.
The orc priest completely misses you.
Unknown command.
You hit the orc priest but do no damage.
You drain the orc priest.
The orc priest is moderately wounded.
The orc priest mumbles some strange prayers to Beogh against you.
Beogh smites you!
Ouch! That really hurt!
You die...

#.....#
#.##...)..#
###.###
#.#####)#.. #.#
#.#####.### ####.#
###.......#
###....#
##...#######
.....#####.###.#
###..........#.#
#....###.#.#.#####
####@##......<....
.. #o##.##..#.##+#
#.##)##.##..#..+
#.......##.....#
###.......###.#..#
+..o......#
##.........
#.>.....##
#.......#


You could see an orc priest (very drained).

Vanquished Creatures
  An orc priest (D:3)
  Crazy Yiuf (D:2)
  An orc wizard (D:3)
  5 adders
  8 orcs (D:3)
  3 endoplasms
  2 giant cockroaches (D:3)
  2 goblins
  2 hobgoblins
  5 quokkas
  2 ball pythons
  A bat (D:2)
  A frilled lizard (D:2)
  4 kobolds
  4 rats
42 creatures vanquished.

Vanquished Creatures (others)
  A demonic plant (D:2)
1 creature vanquished.

Grand Total: 43 creatures vanquished

Notes
Turn   | Place    | Note
-------+----------+-------------------------------------------
     0 | D:1      | mortz the Kobold Conjurer began the quest for the Orb.
     0 | D:1      | Reached XP level 1. HP: 10/10 MP: 3/3
   338 | D:1      | Reached XP level 2. HP: 15/15 MP: 0/5
   344 | D:1      | Learned a level 2 spell: Searing Ray
   873 | D:2      | Reached XP level 3. HP: 19/19 MP: 1/6
   990 | D:2      | Learned a level 2 spell: Passwall
  1276 | D:2      | Noticed an orange demon
  1280 | D:2      | Reached XP level 4. HP: 19/24 MP: 2/7
  1284 | D:2      | Found a faded altar of an unknown god.
  1350 | D:2      | Found a runed translucent door.
  1353 | D:2      | Noticed Crazy Yiuf
  1359 | D:2      | Killed Crazy Yiuf
  1360 | D:2      | Reached skill level 1 in Transmutations
  1779 | D:3      | Reached skill level 1 in Earth Magic
  1818 | D:3      | Noticed Sigmund
  2015 | D:3      | Reached XP level 5. HP: 24/28 MP: 4/8
  2188 | D:3      | Reached skill level 5 in Conjurations
  2414 | D:3      | Reached skill level 1 in Short Blades
  2470 | D:3      | Killed from afar by an orc priest

Illustrated notes

Levels and vault maps discovered:
D:1:      dpeg_arrival_fog, layout_basic
D:2:      layout_rooms, dreamdust_ecumenical_altar_sealed_demon,
          uniq_crazy_yiuf_cottage
D:3:      layout_loops_cross, chequers_temple_overflow_minitemple, serial_shops,
          nicolae_shop_behind_doors, uniq_sigmund

Skill      XL: |  1  2  3  4  5 |
---------------+----------------+-----
Stealth        | 3 4 |  4.1
Transmutations | 1 |  1.4
Earth Magic    | 1 |  1.9
Conjurations   | 5 |  5.0
Short Blades   | 1 |  1.3
Fighting       | |  0.3
Dodging        | |  2.5
Shields        | |  0.3
Spellcasting   | |  2.4

Action                   |  1- 3 |  4- 6 || total
-------------------------+-------+-------++-------
Melee: Unarmed           |    10 |       ||    10
       Short sword       |     3 |    10 ||    13
       Dagger            |     9 |     3 ||    12
 Cast: Magic Dart        |    11 |       ||    11
       Searing Ray       |    10 |    13 ||    23
  Use: Scroll            |     3 |     3 ||     6
       Potion            |       |     1 ||     1
 Stab: Sleeping          |     8 |     6 ||    14
Armor: Robe              |     7 |     2 ||     9
Dodge: Dodged            |    17 |     7 ||    24
Block: Other             |     9 |     6 ||    15
